 Dungeon Crawl Stone Soup version 0.29-a0-322-g68df515428 (console) character file.

Game seed: 5936294472948535314

408 Ignak the Sneak (level 6, 0/39 HPs)
             Began as an Octopode Enchanter on Apr 8, 2022.
             Slain by an ogre
             ... wielding a +0 giant spiked club
              (21 damage)
             ... on level 4 of the Dungeon.
             The game lasted 00:10:41 (4688 turns).

Ignak the Sneak (Octopode Enchanter)                Turns: 4688, Time: 00:10:42

Health: 0/39       AC:  1    Str: 13    XL:     6   Next: 88%
Magic:  6/10       EV: 14    Int: 17    God:
Gold:   84         SH:  0    Dex: 15    Spells: 2/10 levels left

rFire   . . .      SeeInvis .   p - +0 rapier
rCold   . . .      Faith    .   (no shield)
rNeg    . . .      Spirit   .   (helmet restricted)
rPois   .          Reflect  .   (no amulet)
rElec   .          Harm     .   f - +6 ring of strength
rCorr   .          Rampage  .   h - +4 ring of slaying
Will    .....      Clarity  +   (no ring)
Stlth   +++++.....              (no ring)
HPRegen 0.13/turn               (no ring)
MPRegen 0.12/turn               (no ring)
                                (no ring)
                                (no ring)

@: no status effects
A: almost no armour, amphibious, 8 rings, camouflage 1, gelatinous body 1,
nimble swimmer 1, tentacles, tentacle spike 1, clarity
a: no special abilities


You were on level 4 of the Dungeon.
You visited 1 branch of the dungeon, and saw 4 of its levels.

You collected 231 gold pieces.
You spent 147 gold pieces at shops.

Inventory:

Hand Weapons
 p - a +0 rapier (weapon)
 q - a +0 rapier
 t - a +0 flail of holy wrath
Missiles
 k - 5 poisoned darts (quivered)
Jewellery
 f - a +6 ring of strength (left tentacle)
 g - a ring of ice
 h - a +4 ring of slaying (right tentacle)
Wands
 o - a wand of charming (2)
Scrolls
 c - a scroll of enchant weapon
 d - 2 scrolls of identify
 e - a scroll of summoning
 i - 3 scrolls of noise
 l - a scroll of blinking
 m - 3 scrolls of teleportation
 r - a scroll of silence {unknown}
Potions
 a - a potion of heal wounds
 b - a potion of invisibility
 n - a potion of haste
 s - a potion of magic {unknown}


   Skills:
 + Level 1.9 Fighting
 + Level 2.4 Short Blades
 * Level 3.5 Dodging
 * Level 6.0 Stealth
 - Level 1.0 Unarmed Combat
 + Level 2.9 Spellcasting
 + Level 3.7 Hexes
 + Level 1.4 Ice Magic


You had 2 spell levels left.
You knew the following spells:

 Your Spells              Type           Power      Damage    Failure   Level
a - Confusing Touch       Hex            15%        N/A       11%         3
b - Tukima's Dance        Hex            15%        N/A       11%         3
c - Ensorcelled Hibernat  Hex/Ice        22%        N/A       9%          2

Your spell library contained the following spells:

 Spells                   Type           Power      Damage    Failure   Level
 Dazzling Flash           Conj/Hex       16%        N/A       24%         3
 Conjure Flame            Conj/Fire      2%         6-21      47%         3
 Ignite Poison            Fire/Tmut/Pois 2%         N/A       47%         3
 Sticky Flame             Conj/Fire      2%         2d3       87%         4


Dungeon Overview and Level Annotations

Branches:
Dungeon (4/15)
 Temple: D:4-7

Altars:
Kikubaaqudgha

Shops:
D:2 (?

Annotations:
D:4 Eustachio


Innate Abilities, Weirdness & Mutations

You cannot wear most types of armour.
You are amphibious.
You can wear up to eight rings at the same time.
Your skin changes colour to match your surroundings (Stealth+).
Your rubbery body absorbs attacks. (AC +1, EV +1)
You are camouflaged when in or above water. (Stealth+)
You have tentacles for arms and can constrict up to eight enemies at once.
One of your tentacles bears a spike.
You possess an exceptional clarity of mind.


Message History

You kill the hobgoblin!
A hobgoblin comes into view.
Casting: Ensorcelled Hibernation (safe; 9% risk of failure)
Confirm with . or Enter, or press ? or * to list all spells.
Okay, then.
You closely miss the goblin.
The ogre shouts!
Your grab misses the goblin.
Your tentacle spike misses the goblin.
Your squeeze misses the goblin. You closely miss the goblin.
You grab the goblin.
You pierce the goblin.
You kill the goblin!
You hear a splash.
A hobgoblin and a goblin come into view.
The goblin misses you. The goblin closely misses you.
You barely miss the goblin. Your grab misses the goblin.
You pierce the goblin.
You kill the goblin!
You hear a splash.
The goblin splashes around in the water.
The goblin closely misses you.
You puncture the goblin!
You kill the goblin!
You hear a splash.
The goblin misses you. The ogre barely misses you. The hobgoblin hits you.
The goblin attacks as you move away! The goblin hits you but does no damage.
The goblin hits you with a +0 dagger. The goblin attacks as you move away!
The goblin hits you with a +0 dagger.
A goblin comes into view. It is wielding a +0 dagger.
The goblin shouts!
You hit the hobgoblin. Your grab misses the hobgoblin.
You pierce the hobgoblin.
You squeeze the hobgoblin.
You kill the hobgoblin!
You hear a shout!
Your Stealth skill increases to level 6!
You barely miss the goblin. Your grab misses the goblin.
You pierce the goblin.
You kill the goblin!
You hear a splash.
The ogre hits you with a +0 giant spiked club!!
Ouch! That really hurt!
You die...

≈≈≈ ≈≈...#
≈P≈≈≈≈≈≈≈≈≈♣.##
≈≈≈≈≈≈≈≈≈≈≈≈.#
≈≈≈≈≈≈≈≈≈≈...#
...g.........#
≈≈≈≈≈≈≈≈.≈####
≈≈≈≈≈≈.≈≈...
♣≈≈g≈.≈♣≈#
♣@≈≈.≈≈♣
♣♣♣≈O≈.≈≈♣
#≈♣≈≈g.≈≈♣
#≈≈≈g.≈≈♣
##≈≈≈.≈♣♣
#♣≈≈.≈♣ #≈≈≈)≈♣
♣≈≈).P♣≈#
#♣≈)).≈P≈♣


You could see an ogre, 2 hobgoblins and 2 goblins.

Vanquished Creatures
  Edmund (D:4)
  An ogre (D:4)
  An orc wizard (D:3)
  Terence (D:3)
  A hound skeleton (D:3)
  A hound zombie (D:3)
  A howler monkey zombie (D:3)
  3 gnolls (D:4)
  2 ufetubi
  2 worms
  An orc (D:3)
  7 bats
  9 endoplasms
  3 giant cockroaches
  9 goblins
  6 hobgoblins
  6 kobolds
  2 quokkas
  7 ball pythons
  A ball python zombie (D:3)
  4 frilled lizards
  A quokka skeleton (D:3)
  11 rats
81 creatures vanquished.

Vanquished Creatures (others)
  15 plants (D:4)
15 creatures vanquished.

Grand Total: 96 creatures vanquished

Notes
Turn   | Place    | Note
-------+----------+-------------------------------------------
     0 | D:1      | Ignak the Octopode Enchanter began the quest for the Orb.
     0 | D:1      | Reached XP level 1. HP: 11/11 MP: 3/3
   336 | D:1      | Reached XP level 2. HP: 14/17 MP: 5/5
   344 | D:1      | Learned a level 2 spell: Ensorcelled Hibernation
  1008 | D:1      | Found a faded altar of an unknown god.
  1013 | D:1      | Reached XP level 3. HP: 21/21 MP: 6/6
  1357 | D:2      | Found Caefy's Weapon Shoppe.
  1419 | D:2      | Found Fupisiroi's Magic Scroll Emporium.
  1446 | D:2      | Gained mutation: You possess an exceptional clarity of
                  | mind. [potion of mutation]
  1446 | D:2      | Gained mutation: One of your tentacles bears a spike.
                  | [potion of mutation]
  2227 | D:2      | Bought a scroll of blinking for 105 gold pieces
  2227 | D:2      | Bought a scroll of teleportation for 42 gold pieces
  2327 | D:3      | Reached XP level 4. HP: 23/27 MP: 7/7
  2381 | D:3      | Reached skill level 1 in Unarmed Combat
  2576 | D:3      | Noticed Terence
  2579 | D:3      | Killed Terence
  2580 | D:3      | Reached skill level 1 in Fighting
  2624 | D:3      | Found an ancient bone altar of Kikubaaqudgha.
  2707 | D:3      | Reached skill level 5 in Stealth
  2707 | D:3      | Reached XP level 5. HP: 33/33 MP: 8/8
  2979 | D:4      | Noticed an ogre
  3426 | D:4      | Noticed an ogre
  3428 | D:4      | Killed an ogre
  3429 | D:4      | Reached skill level 1 in Ice Magic
  3429 | D:4      | Reached XP level 6. HP: 38/38 MP: 9/9
  3624 | D:4      | Learned a level 3 spell: Confusing Touch
  3628 | D:4      | Learned a level 3 spell: Tukima's Dance
  3806 | D:4      | Noticed Edmund
  4095 | D:4      | Killed Edmund
  4644 | D:4      | Noticed Eustachio
  4686 | D:4      | Reached skill level 6 in Stealth
  4688 | D:4      | Slain by an ogre

Illustrated notes

Levels and vault maps discovered:
D:1:      dpeg_arrival_water_temple_mockup, layout_basic,
          hellmonk_ecumenical_altar_run_dry, minmay_pentomino_r4
D:2:      layout_loops_ring, serial_shops, shop, shop_scrolls
D:3:      layout_basic, nicolae_overflow_crystal_walls, serial_undead,
          serial_undead_d, serial_undead_f, serial_undead_f, serial_undead_f,
          corexii_leaking_fountain, corexii_item_surrounded_by_moat,
          uniq_terence
D:4:      layout_loops_cross, grunt_ministairs_4, serial_bayou_lagoon_b,
          uniq_edmund, uniq_robin, uniq_eustachio

Skill      XL: |  1  2  3  4  5  6 |
---------------+-------------------+-----
Unarmed Combat | 1 |  1.0
Fighting       | 1 |  1.9
Short Blades   | 2 |  2.4
Stealth        | 5 6 |  6.0
Dodging        | 3 |  3.5
Ice Magic      | 1 |  1.4
Spellcasting   | |  2.9
Hexes          | |  3.7

Action                   |  1- 3 |  4- 6 || total
-------------------------+-------+-------++-------
Melee: Dagger            |    71 |     9 ||    80
       Constrict         |    16 |    19 ||    35
       Tentacles         |     8 |    10 ||    18
       Kick              |     4 |    24 ||    28
       Rapier            |       |    50 ||    50
 Cast: Ensorcelled Hiber |     4 |    13 ||    17
       Confusing Touch   |       |     2 ||     2
  Use: Scroll            |     2 |     5 ||     7
       Potion            |     2 |     4 ||     6
 Stab: Sleeping          |    12 |    11 ||    23
       Confused          |       |     1 ||     1
Armor: Skin              |     5 |     7 ||    12
Dodge: Dodged            |    36 |    48 ||    84

Table legend: (Time is in decaauts)
 A = Elapsed time spent in this place.
 B = Non-inter-level travel time spent in this place.
 C = Inter-level travel time spent in this place.
 D = Time resting spent in this place.
 E = Time spent auto-exploring this place.
 F = Levels seen in this place.
 G = Mean time per level.
                   A        B        C        D        E       F      G
               +--------+--------+--------+--------+--------+-----+--------+
         Total |   4675 |   4598 |     77 |   1578 |   1862 |   4 | 1168.8 |
       Dungeon |   4675 |   4598 |     77 |   1578 |   1862 |   4 | 1168.8 |
               +--------+--------+--------+--------+--------+-----+--------+

Top non-repeatable levels by time:
     D:3: 1719 daAuts
     D:1: 1329 daAuts
     D:2: 913 daAuts
     D:4: 712 daAuts
